General information
- name: BNet
- type: Ladder team game (AT/RT)
- host: Battle.net
- saver: Gobiner
map: Highperch
- players: 6
- length: 169:11
- speed: Fast
- version: 1.21 W3XP
- replay type: Public
» download(618 KB)
Players
team 1 (loser)
Mr.Nail (
pink | 13 APM | 2206 actions | 169:10)
6 Shadow Hunter
3 Serpent Ward
2 Healing Wave
1 Big Bad Voodoo
» actions
| Assign group hotkey | 19 | |
| Basic commands | 44 | |
| Build / train | 83 | |
| Enter build submenu | 13 | |
| Enter hero's abilities submenu | 7 | |
| Give item / drop item | 2 | |
| Remove unit from queue | 7 | |
| Right click | 1411 | |
| Select / deselect | 426 | |
| Select group hotkey | 75 | |
| Use ability | 119 | |
2206 total
» units
| Peon | 19 | |
| Grunt | 4 | |
| Demolisher | 18 | |
| Wind Rider | 12 | |
| Troll Batrider | -1 | |
| Harpy Rogue | 1 | |
| Harpy Windwitch | 1 | |
54 total
» upgrades
| Burning Oil | 1 | |
| Reinforced Defenses | 1 | |
| Pillage | 1 | |
| Spiked Barricades | 0 | |
| Armor | 3 | |
| Ranged Weapons | 2 | |
| Envenomed Spears | 1 | |
| Liquid Fire | 0 | |
9 total
» buildings
| Altar of Storms | 1 | |
| Orc Burrow | 5 | |
| War Mill | 1 | |
| Barracks | 1 | |
| Stronghold | 1 | |
| Fortress | 1 | |
| Voodoo Lounge | 2 | |
| Watch Tower | 1 | |
| Beastiary | 1 | |
14 total
» build order
00:06 Altar of Storms
00:10 Orc Burrow
01:09 War Mill
01:18 Barracks
01:47 Orc Burrow
02:43 Orc Burrow
04:26 Stronghold
06:50 Fortress
10:06 Voodoo Lounge
10:16 Voodoo Lounge
10:39 Orc Burrow
13:06 Orc Burrow
17:23 Watch Tower
29:07 Beastiary
» items
| Tiny Great Hall | 1 | |
| Orb of Lightning | 1 | |
| Staff of Teleportation | 1 | |
3 total
Mr.Panda (
orange | 41 APM | 6887 actions | 169:10)
8 Shadow Hunter
2 Serpent Ward
3 Healing Wave
1 Big Bad Voodoo
2 Hex
» actions
| Assign group hotkey | 24 | |
| Basic commands | 45 | |
| Build / train | 101 | |
| ESC pressed | 6 | |
| Enter build submenu | 24 | |
| Enter hero's abilities submenu | 10 | |
| Give item / drop item | 9 | |
| Remove unit from queue | 2 | |
| Right click | 4301 | |
| Select / deselect | 1928 | |
| Select group hotkey | 103 | |
| Use ability | 333 | |
6887 total
» units
| Peon | 17 | |
| Grunt | 8 | |
| Wind Rider | 19 | |
| Kodo Beast | 2 | |
| Demolisher | 7 | |
53 total
» upgrades
| Pillage | 1 | |
| Ranged Weapons | 3 | |
| Berserker Strength | 1 | |
| Envenomed Spears | 1 | |
| Reinforced Defenses | 1 | |
| Armor | 3 | |
| Spiked Barricades | 3 | |
| Burning Oil | 1 | |
14 total
» buildings
| Altar of Storms | 1 | |
| Orc Burrow | 8 | |
| Barracks | 1 | |
| Stronghold | 2 | |
| War Mill | 1 | |
| Beastiary | 2 | |
| Fortress | 3 | |
| Great Hall | 5 | |
| Watch Tower | 5 | |
28 total
» build order
00:08 Altar of Storms
00:19 Orc Burrow
01:00 Barracks
01:18 Orc Burrow
04:18 Orc Burrow
05:16 Stronghold
05:16 Stronghold
05:42 War Mill
07:46 Beastiary
08:06 Beastiary
08:27 Orc Burrow
08:51 Fortress
08:51 Fortress
08:52 Fortress
09:29 Orc Burrow
10:50 Great Hall
10:53 Great Hall
14:29 Orc Burrow
16:03 Watch Tower
16:23 Watch Tower
17:05 Watch Tower
17:30 Watch Tower
17:33 Watch Tower
17:39 Orc Burrow
18:37 Orc Burrow
82:57 Great Hall
84:09 Great Hall
84:22 Great Hall
» items
| Healing Salve | 6 | |
| Scroll of Protection | 1 | |
| Dust of Appearance | 1 | |
| Scroll of Healing | 1 | |
| Boots of Speed | 1 | |
| Staff of Teleportation | 1 | |
11 total
mR.TraNSceNdeNz (
blue | 35 APM | 5901 actions | 169:10)
8 Shadow Hunter
3 Serpent Ward
3 Healing Wave
1 Big Bad Voodoo
1 Hex
» actions
| Assign group hotkey | 54 | |
| Basic commands | 433 | |
| Build / train | 101 | |
| Enter build submenu | 18 | |
| Enter hero's abilities submenu | 12 | |
| Give item / drop item | 11 | |
| Right click | 3263 | |
| Select / deselect | 1308 | |
| Select group hotkey | 307 | |
| Use ability | 394 | |
5901 total
» units
| Peon | 21 | |
| Grunt | 12 | |
| Troll Witch Doctor | 9 | |
| Troll Batrider | 23 | |
65 total
» upgrades
| Pillage | 1 | |
| Witch Doctor Training | 2 | |
| Armor | 3 | |
| Ranged Weapons | 2 | |
| Liquid Fire | 1 | |
| Reinforced Defenses | 1 | |
10 total
» buildings
| Barracks | 1 | |
| Orc Burrow | 6 | |
| Altar of Storms | 1 | |
| Voodoo Lounge | 1 | |
| Stronghold | 1 | |
| Beastiary | 3 | |
| Spirit Lodge | 1 | |
| Great Hall | 1 | |
| War Mill | 1 | |
| Fortress | 1 | |
| Watch Tower | 2 | |
19 total
» build order
00:08 Barracks
00:35 Orc Burrow
01:09 Altar of Storms
01:23 Orc Burrow
02:49 Orc Burrow
03:58 Voodoo Lounge
05:52 Stronghold
08:55 Beastiary
09:00 Spirit Lodge
10:21 Great Hall
10:33 War Mill
10:49 Orc Burrow
12:19 Fortress
14:16 Beastiary
14:26 Watch Tower
14:31 Watch Tower
15:51 Orc Burrow
17:59 Beastiary
21:35 Orc Burrow
» items
| Healing Salve | 2 | |
| Scroll of Speed | 1 | |
| Lesser Clarity Potion | 3 | |
| Tome of Retraining | 1 | |
| Staff of Teleportation | 1 | |
8 total
team 2 (winner)
FedEx (
red | 40 APM | 6685 actions | 169:10)
6 Blademaster
3 Wind Walk
2 Critical Strike
1 Bladestorm
» actions
| Assign group hotkey | 35 | |
| Basic commands | 12 | |
| Build / train | 85 | |
| ESC pressed | 7 | |
| Enter build submenu | 115 | |
| Enter hero's abilities submenu | 7 | |
| Give item / drop item | 15 | |
| Right click | 4817 | |
| Select / deselect | 519 | |
| Select group hotkey | 482 | |
| Use ability | 591 | |
6685 total
» units
» upgrades
| Reinforced Defenses | 1 | |
| Ranged Weapons | 1 | |
| Armor | 1 | |
3 total
» buildings
| War Mill | 2 | |
| Orc Burrow | 4 | |
| Altar of Storms | 4 | |
| Watch Tower | 84 | |
| Voodoo Lounge | 2 | |
| Great Hall | 3 | |
| Stronghold | 2 | |
| Fortress | 1 | |
102 total
» build order
00:03 War Mill
00:05 War Mill
00:07 Orc Burrow
00:24 Altar of Storms
01:57 Watch Tower
02:17 Watch Tower
02:20 Watch Tower
02:40 Orc Burrow
03:23 Watch Tower
03:40 Watch Tower
04:24 Voodoo Lounge
04:27 Watch Tower
04:53 Watch Tower
04:56 Watch Tower
05:12 Watch Tower
05:50 Watch Tower
06:22 Watch Tower
06:29 Watch Tower
07:17 Watch Tower
07:24 Watch Tower
08:03 Great Hall
08:10 Watch Tower
08:13 Watch Tower
08:51 Voodoo Lounge
10:53 Altar of Storms
11:00 Orc Burrow
11:56 Great Hall
13:12 Watch Tower
13:23 Stronghold
14:25 Watch Tower
15:46 Watch Tower
15:49 Watch Tower
15:53 Watch Tower
16:10 Fortress
16:17 Great Hall
18:04 Watch Tower
18:06 Watch Tower
18:11 Watch Tower
19:10 Watch Tower
20:41 Watch Tower
20:46 Watch Tower
21:23 Watch Tower
22:49 Watch Tower
22:53 Watch Tower
22:55 Watch Tower
23:12 Watch Tower
23:33 Watch Tower
23:37 Watch Tower
23:39 Watch Tower
23:44 Watch Tower
23:50 Watch Tower
24:00 Watch Tower
24:02 Watch Tower
24:48 Watch Tower
25:24 Watch Tower
25:29 Watch Tower
26:09 Watch Tower
26:11 Watch Tower
26:14 Watch Tower
26:16 Watch Tower
26:18 Watch Tower
26:33 Watch Tower
26:59 Watch Tower
27:15 Watch Tower
27:18 Watch Tower
27:20 Watch Tower
27:24 Watch Tower
28:10 Watch Tower
28:35 Watch Tower
28:37 Watch Tower
28:39 Watch Tower
28:41 Watch Tower
28:44 Watch Tower
29:00 Watch Tower
30:20 Stronghold
30:23 Watch Tower
31:20 Altar of Storms
31:34 Watch Tower
31:38 Watch Tower
32:46 Watch Tower
32:51 Watch Tower
32:53 Watch Tower
33:40 Watch Tower
33:44 Watch Tower
34:18 Watch Tower
34:20 Watch Tower
34:21 Watch Tower
34:23 Watch Tower
34:25 Watch Tower
35:00 Watch Tower
35:25 Watch Tower
35:38 Watch Tower
37:02 Watch Tower
38:42 Watch Tower
39:48 Watch Tower
41:00 Watch Tower
41:09 Watch Tower
42:30 Watch Tower
42:33 Watch Tower
46:46 Watch Tower
47:56 Orc Burrow
84:11 Altar of Storms
» items
| Lesser Clarity Potion | 7 | |
| Potion of Healing | 8 | |
| Potion of Mana | 14 | |
| Orb of Lightning | 1 | |
| Boots of Speed | 1 | |
| Periapt of Vitality | 1 | |
| Staff of Teleportation | 1 | |
| Healing Salve | 3 | |
| Scroll of Town Portal | 1 | |
| Mechanical Critter | 6 | |
| Potion of Lesser Invulnerability | 1 | |
| Potion of Invisibility | 1 | |
45 total
Gobiner (
green | 26 APM | 4434 actions | 169:11)
4 Archmage
2 Blizzard
2 Brilliance Aura
4 Blood Mage
2 Flame Strike
2 Siphon Mana
1 Goblin Tinker
1 Pocket Factory
1 Blademaster
1 Critical Strike
» actions
| Assign group hotkey | 67 | |
| Basic commands | 125 | |
| Build / train | 171 | |
| ESC pressed | 5 | |
| Enter build submenu | 107 | |
| Enter hero's abilities submenu | 10 | |
| Give item / drop item | 13 | |
| Right click | 1542 | |
| Select / deselect | 1092 | |
| Select group hotkey | 700 | |
| Use ability | 602 | |
4434 total
» units
| Peasant | 17 | |
| Priest | 2 | |
| Sorceress | 2 | |
| Dragonhawk Rider | 13 | |
34 total
» upgrades
| Masonry | 3 | |
| Lumber Harvesting | 2 | |
| Magic Sentry | 1 | |
| Sorceress Training | 2 | |
| Priest Training | 2 | |
| Animal War Training | 1 | |
| Armor | 3 | |
| Swords | 3 | |
| Cloud | 1 | |
18 total
» buildings
| Altar of Kings | 1 | |
| Lumber Mill | 1 | |
| Farm | 6 | |
| Scout Tower | 103 | |
| Arcane Tower | 9 | |
| Guard Tower | 70 | |
| Keep | 1 | |
| Town Hall | 1 | |
| Arcane Vault | 2 | |
| Arcane Sanctum | 1 | |
| Castle | 4 | |
| Blacksmith | 1 | |
| Barracks | 2 | |
| Gryphon Aviary | 1 | |
203 total
» build order
00:07 Altar of Kings
00:10 Lumber Mill
00:44 Farm
01:00 Scout Tower
01:26 Arcane Tower
01:28 Scout Tower
01:39 Farm
01:52 Scout Tower
01:59 Guard Tower
02:12 Scout Tower
02:20 Guard Tower
02:36 Scout Tower
02:49 Guard Tower
03:13 Guard Tower
03:14 Scout Tower
03:42 Guard Tower
03:45 Scout Tower
03:47 Scout Tower
04:06 Keep
04:14 Guard Tower
04:19 Guard Tower
04:20 Scout Tower
04:23 Scout Tower
04:24 Scout Tower
04:50 Scout Tower
04:52 Scout Tower
04:53 Scout Tower
04:58 Scout Tower
04:59 Scout Tower
05:06 Guard Tower
05:15 Guard Tower
05:17 Scout Tower
05:18 Guard Tower
05:22 Arcane Tower
05:33 Guard Tower
05:36 Guard Tower
05:45 Guard Tower
05:49 Guard Tower
06:19 Scout Tower
06:19 Scout Tower
06:46 Scout Tower
06:46 Scout Tower
06:50 Scout Tower
06:58 Guard Tower
07:02 Scout Tower
07:22 Guard Tower
07:37 Guard Tower
07:39 Scout Tower
07:42 Scout Tower
08:19 Guard Tower
08:20 Guard Tower
08:23 Scout Tower
08:23 Scout Tower
08:55 Farm
08:58 Farm
08:59 Farm
09:00 Farm
09:07 Guard Tower
10:18 Town Hall
10:30 Scout Tower
10:31 Scout Tower
10:34 Scout Tower
10:35 Scout Tower
11:01 Guard Tower
11:02 Guard Tower
11:05 Arcane Vault
11:07 Scout Tower
11:26 Arcane Sanctum
11:58 Guard Tower
12:00 Scout Tower
12:02 Scout Tower
12:13 Scout Tower
12:13 Scout Tower
12:14 Scout Tower
12:15 Scout Tower
12:16 Scout Tower
12:17 Scout Tower
12:49 Castle
12:49 Castle
12:49 Castle
12:53 Guard Tower
13:37 Guard Tower
13:40 Scout Tower
13:44 Scout Tower
14:14 Guard Tower
14:20 Scout Tower
14:21 Scout Tower
14:22 Scout Tower
14:24 Scout Tower
14:24 Scout Tower
14:26 Scout Tower
14:42 Guard Tower
14:46 Scout Tower
14:46 Scout Tower
14:47 Scout Tower
14:49 Scout Tower
14:51 Guard Tower
15:23 Guard Tower
16:08 Guard Tower
16:35 Guard Tower
16:37 Guard Tower
16:40 Guard Tower
17:20 Guard Tower
18:37 Scout Tower
18:38 Scout Tower
18:39 Scout Tower
20:49 Guard Tower
21:20 Blacksmith
21:22 Barracks
22:10 Gryphon Aviary
22:17 Barracks
33:59 Scout Tower
34:14 Scout Tower
34:32 Guard Tower
34:33 Scout Tower
34:51 Guard Tower
35:06 Guard Tower
35:14 Scout Tower
35:48 Scout Tower
35:49 Guard Tower
35:59 Scout Tower
36:14 Scout Tower
36:16 Scout Tower
36:20 Guard Tower
36:25 Scout Tower
36:28 Guard Tower
36:33 Scout Tower
36:49 Guard Tower
36:51 Scout Tower
36:52 Guard Tower
36:54 Scout Tower
36:58 Guard Tower
37:00 Scout Tower
37:10 Guard Tower
37:18 Guard Tower
37:20 Scout Tower
37:21 Guard Tower
37:23 Scout Tower
37:28 Guard Tower
37:32 Scout Tower
37:35 Scout Tower
37:43 Scout Tower
37:58 Scout Tower
38:01 Guard Tower
38:04 Scout Tower
38:05 Scout Tower
38:09 Guard Tower
38:11 Scout Tower
38:12 Guard Tower
38:19 Scout Tower
38:22 Guard Tower
38:30 Guard Tower
38:32 Scout Tower
38:37 Guard Tower
38:43 Scout Tower
38:48 Guard Tower
38:50 Scout Tower
38:54 Guard Tower
38:58 Scout Tower
39:03 Scout Tower
39:04 Scout Tower
39:06 Guard Tower
39:20 Guard Tower
39:22 Scout Tower
39:23 Guard Tower
39:26 Scout Tower
39:38 Guard Tower
39:55 Guard Tower
39:58 Scout Tower
40:16 Guard Tower
40:17 Scout Tower
40:29 Scout Tower
40:32 Guard Tower
40:36 Scout Tower
40:38 Scout Tower
40:40 Scout Tower
40:42 Scout Tower
40:50 Guard Tower
40:58 Scout Tower
41:01 Scout Tower
41:19 Guard Tower
41:20 Guard Tower
41:37 Guard Tower
41:44 Scout Tower
41:45 Scout Tower
41:49 Scout Tower
41:58 Arcane Tower
41:59 Arcane Tower
42:00 Arcane Tower
42:19 Guard Tower
42:20 Guard Tower
42:29 Arcane Tower
42:32 Scout Tower
43:01 Arcane Tower
43:05 Scout Tower
43:06 Scout Tower
44:38 Arcane Tower
44:43 Scout Tower
44:49 Scout Tower
45:09 Arcane Tower
103:01 Arcane Vault
» items
| Boots of Speed | 2 | |
| Staff of Teleportation | 3 | |
| Lesser Clarity Potion | 1 | |
| Healing Salve | 1 | |
| Staff of Sanctuary | 2 | |
| Tiny Great Hall | 1 | |
| Orb of Lightning | 2 | |
| Scroll of Town Portal | 1 | |
| Mechanical Critter | 3 | |
| Potion of Invisibility | 2 | |
18 total
westonb (
yellow | 13 APM | 2186 actions | 169:10)
2 Archmage
1 Blizzard
1 Brilliance Aura
2 Blood Mage
1 Flame Strike
1 Siphon Mana
» actions
| Assign group hotkey | 6 | |
| Basic commands | 68 | |
| Build / train | 75 | |
| ESC pressed | 16 | |
| Enter build submenu | 34 | |
| Enter hero's abilities submenu | 4 | |
| Give item / drop item | 5 | |
| Right click | 993 | |
| Select / deselect | 683 | |
| Select group hotkey | 17 | |
| Use ability | 285 | |
2186 total
» units
| Peasant | 13 | |
| Priest | 1 | |
| Sorceress | 2 | |
| Dragonhawk Rider | 6 | |
22 total
» upgrades
| Masonry | 3 | |
| Lumber Harvesting | 2 | |
| Magic Sentry | 1 | |
| Sorceress Training | 1 | |
| Cloud | 1 | |
8 total
» buildings
| Altar of Kings | 2 | |
| Farm | 13 | |
| Arcane Vault | 1 | |
| Lumber Mill | 2 | |
| Scout Tower | 21 | |
| Guard Tower | 13 | |
| Keep | 1 | |
| Arcane Tower | 2 | |
| Arcane Sanctum | 1 | |
| Castle | 1 | |
| Gryphon Aviary | 2 | |
| Town Hall | 1 | |
60 total
» build order
00:06 Altar of Kings
00:09 Farm
00:22 Arcane Vault
00:30 Lumber Mill
01:28 Lumber Mill
02:24 Scout Tower
02:26 Scout Tower
02:41 Farm
03:06 Guard Tower
03:33 Guard Tower
03:36 Scout Tower
03:37 Scout Tower
03:38 Scout Tower
03:39 Scout Tower
03:50 Scout Tower
03:51 Scout Tower
03:53 Scout Tower
04:16 Guard Tower
04:24 Farm
04:34 Guard Tower
04:51 Scout Tower
04:53 Scout Tower
04:56 Scout Tower
05:05 Keep
05:12 Guard Tower
05:28 Guard Tower
05:31 Scout Tower
05:54 Guard Tower
06:25 Arcane Tower
06:42 Guard Tower
07:43 Scout Tower
07:44 Scout Tower
08:15 Guard Tower
08:46 Guard Tower
08:52 Arcane Sanctum
10:57 Castle
11:08 Gryphon Aviary
11:33 Farm
12:16 Farm
12:17 Farm
12:18 Farm
12:19 Farm
12:29 Gryphon Aviary
21:34 Scout Tower
21:38 Scout Tower
21:40 Scout Tower
21:41 Scout Tower
22:10 Guard Tower
22:43 Guard Tower
25:41 Scout Tower
26:21 Guard Tower
33:00 Town Hall
49:27 Scout Tower
49:57 Arcane Tower
82:12 Farm
82:14 Farm
82:30 Farm
82:37 Farm
84:37 Farm
97:05 Altar of Kings
» items
| Scroll of Regeneration | 2 | |
| Lesser Clarity Potion | 4 | |
| Staff of Sanctuary | 2 | |
| Potion of Healing | 4 | |
| Boots of Speed | 2 | |
| Staff of Teleportation | 2 | |
| Healing Salve | 2 | |
| Mechanical Critter | 3 | |
| Scroll of Town Portal | 1 | |
22 total
Chat log
(00:09 / Allies) FedEx: lole
(00:11 / Allies) FedEx: 3 orc
(00:13 / Allies) FedEx: on perch
(00:14 / Allies) westonb: first try
(00:18 / Allies) Gobiner: you two got left
(01:32 / Allies) Gobiner: send dudes
(01:35 / Allies) FedEx: yes I am
(01:38 / Allies) FedEx: shh nab
(02:29 / Allies) FedEx: harass em
(02:52 / Allies) Gobiner: sweet
(02:55 / Allies) Gobiner: wardman
(02:56 / Allies) FedEx: oh
(02:56 / Allies) westonb: p[s vent
(02:57 / Allies) FedEx: gg
(03:01 / Allies) FedEx: this is over
(03:05 / Allies) Gobiner: no its not
(03:18 / Allies) FedEx: we're fine
(03:48 / Allies) FedEx: haha
(04:00 / Allies) Gobiner: shops plz
(04:10 / Allies) FedEx: waiting till 25 food
(04:34 / Allies) Gobiner: now we lose
(04:37 / Allies) Gobiner: nice towers
(05:03 / Allies) FedEx: tele
(05:55 / Allies) Gobiner: get a peon out
(07:05 / Allies) FedEx: I need some lumber
(07:07 / Allies) FedEx: and gold
(07:50 / Allies) FedEx: need more to rebuild my hall
(08:00 / Allies) FedEx: thanks
(08:06 / Allies) westonb: sorry
(08:24 / Allies) FedEx: we're finei
(08:27 / Allies) FedEx: they're terrible
(08:59 / Allies) FedEx: also you built your towers out of sync with mine
(09:00 / Allies) FedEx: >:(
(10:14 / Allies) Gobiner: gold me for hall plz
(10:19 / Allies) Gobiner: nm
(10:44 / Allies) westonb: fed
(10:46 / Allies) FedEx: yes
(10:50 / Allies) FedEx: as soon as I get a hero
(12:42 / Allies) Gobiner: lumber?
(12:50 / Allies) Gobiner: ty
(13:15 / Allies) westonb: what kind of invis do orc get
(13:16 / Allies) westonb: oh wards
(13:44 / Allies) westonb: they ahve
(13:51 / Allies) westonb: need hawks
(13:52 / Allies) westonb: here
(13:56 / Allies) westonb: or here
(13:57 / Allies) westonb: soon
(14:05 / Allies) Gobiner: cancel
(14:08 / Allies) FedEx: yes
(14:09 / Allies) FedEx: in a sec
(14:33 / Allies) Gobiner: I got a talisman for you fed
(14:37 / Allies) FedEx: oh
(14:38 / Allies) FedEx: thanks
(15:35 / Allies) FedEx: I need level 3 you nigg
(15:40 / Allies) Gobiner: so kill peons
(15:52 / Allies) Gobiner: claws for you too
(15:54 / Allies) FedEx: nou
(15:57 / Allies) FedEx: hmm
(16:06 / Allies) FedEx: soj?
(16:11 / Allies) Gobiner: no sorry
(16:19 / Allies) FedEx: giev
(16:24 / Allies) FedEx: soj
(16:27 / Allies) FedEx: u giev soj
(16:55 / Allies) Gobiner: laff
(17:43 / Allies) FedEx: seems I can't kill peons
(17:48 / Allies) FedEx: no, they have like a million of them
(17:51 / Allies) FedEx: they'll just drop more
(19:14 / Allies) Gobiner: omw
(19:17 / Allies) Gobiner: repair
(20:27 / Allies) Gobiner: thanks for sitting there
(21:06 / Allies) Gobiner: make more towers
(21:18 / All) Mr.Panda: LOL
(21:36 / All) Gobiner: nice hax
(21:45 / Allies) FedEx: bats
(21:48 / All) Mr.Panda: checking scroll mah nig
(21:50 / Allies) Gobiner: seriously annoyed by hax
(22:15 / Allies) FedEx: re
(22:16 / Allies) FedEx: pair
(22:31 / Allies) Gobiner: weston I need your hawks to protect the tink
(22:41 / Allies) westonb: use them
(23:07 / Allies) FedEx: stunning tower placement
(23:08 / Allies) FedEx: fyi
(23:25 / Allies) FedEx: yes that needed some towers
(23:27 / Allies) FedEx: it is true
(24:02 / Allies) Gobiner: send hawks to the shop
(24:06 / Allies) westonb: too late
(24:07 / Allies) westonb: they died
(24:10 / Allies) westonb: please aid my base
(24:13 / Allies) Gobiner: nice
(24:16 / Allies) westonb: hey
(24:17 / Allies) westonb: fag
(24:18 / Allies) FedEx: coming
(24:20 / Allies) westonb: i dont have a gold mine
(27:47 / Allies) westonb: why am i the only one trying to buld hawks
(27:54 / Allies) Gobiner: I'm at 48 food
(28:05 / Allies) westonb: lose some peasants
(28:46 / Allies) westonb: dear gob
(28:49 / Allies) westonb: where is your blood mage
(29:02 / Allies) Gobiner: harassing
(29:04 / Allies) Gobiner: like a true pro
(29:17 / Allies) westonb: well good thing you started going up the mountain
(29:21 / Allies) westonb: because our mains are dead
(29:28 / Allies) Gobiner: did you build towers at your main?
(29:35 / Allies) westonb: i had three
(29:37 / Allies) westonb: and some hawks
(29:38 / Allies) Gobiner: so
(29:38 / Allies) Gobiner: no
(29:41 / Allies) westonb: i thought others would hawk too
(31:29 / Allies) Gobiner: send hawks to perch
(31:33 / Allies) westonb: i have none
(31:36 / Allies) westonb: my base is dead
(31:39 / Allies) westonb: and i have no gold
(31:55 / Allies) FedEx: did you get a peasant out?
(31:59 / Allies) westonb: i have two
(32:06 / Allies) westonb: drop a town hawll
(32:07 / Allies) FedEx: start rebuilding
(32:11 / Allies) westonb: so i can tp up
(32:12 / Allies) Gobiner: why
(32:18 / Allies) Gobiner: would you rebuild
(32:19 / Allies) westonb: so i can build hawks
(32:24 / Allies) Gobiner: don't need em
(32:25 / Allies) Gobiner: imo
(33:43 / Allies) Gobiner: don't send me gold I'm in upkeep
(33:51 / Allies) FedEx: UGH
(33:55 / Allies) FedEx: ben why'
(34:04 / Allies) westonb: i didn't send any gold
(34:12 / Allies) FedEx: oh thank god
(37:09 / Allies) westonb: good town hawll placement
(37:13 / Allies) Gobiner: ty
(38:05 / Allies) westonb: wow
(38:09 / Allies) westonb: great fucking placement
(39:21 / Allies) westonb: critter here
(39:22 / Allies) westonb: fyi
(39:34 / Allies) Gobiner: drop mad critters
(39:42 / Allies) westonb: i dropped 1
(39:46 / Allies) Gobiner: we need like 12
(39:58 / Allies) westonb: spotted
(40:00 / Allies) Gobiner: yes
(40:12 / Allies) FedEx: needs some more towers
(40:33 / Allies) westonb: should i spend the rest of my gold on critters? (700)
(40:46 / Allies) Gobiner: sure
(40:49 / Allies) westonb: and ps who wants wood
(40:52 / Allies) FedEx: me
(40:54 / Allies) westonb: i have 5k i'm not going to use
(41:04 / Allies) FedEx: gotta defend this
(41:07 / Allies) Gobiner: ah
(41:08 / Allies) Gobiner: yes
(41:10 / Allies) FedEx: thanks
(41:23 / Allies) FedEx: they keep attacking it with their air
(41:25 / Allies) FedEx: and failing
(41:26 / Allies) FedEx: haha
(41:32 / Allies) FedEx: lose 12 bats every time
(41:35 / Allies) FedEx: ca-ching
(41:46 / Allies) westonb: their gold mines should be empty by now
(41:50 / Allies) FedEx: long ago
(43:28 / Allies) Gobiner: I'm pissin brb
(45:35 / Allies) Gobiner: fed do you got stuff on the perch?
(45:39 / Allies) FedEx: no
(45:59 / Allies) Gobiner: get stuff on the perch
(46:00 / Allies) FedEx: gaay
(46:08 / Allies) westonb: kill him
(46:09 / Allies) westonb: imo
(46:11 / Allies) FedEx: I can't
(46:23 / Allies) westonb: oh they both cast?
(46:30 / Allies) FedEx: yes
(46:44 / Allies) Gobiner: where are all the pigs?
(46:53 / Allies) westonb: why does bm have two staffs
(47:01 / Allies) FedEx: huh
(47:04 / Allies) westonb: i didn't want to spend more money
(47:06 / Allies) Gobiner: tinker doesn't need one anymore
(47:13 / Allies) westonb: so?
(47:16 / Allies) westonb: sell it?
(47:19 / Allies) Gobiner: nah
(47:21 / Allies) Gobiner: gonna keep it
(47:34 / Allies) Gobiner: in case tinker needs it again :)
(47:45 / Allies) westonb: give it back to tinker?
(47:54 / Allies) Gobiner: yeah next time I'm up there
(48:23 / Allies) FedEx: almost at 6
(48:25 / Allies) FedEx: -_-
(49:14 / Allies) westonb: these?
(50:11 / Allies) westonb: worked i think
(50:14 / Allies) Gobiner: yep
(50:21 / All) Gobiner: gl hf
(50:44 / Allies) westonb: alt tabbing a second
(51:16 / Allies) westonb: should we go attack this orange expo
(51:18 / Allies) westonb: for exp?
(53:45 / Allies) Gobiner: no critters :(
(54:33 / Allies) Gobiner: I'm deforesting
(55:41 / Allies) Gobiner: ic
(57:03 / Allies) westonb: blade storm?
(57:20 / Allies) westonb: but not there
(57:21 / Allies) westonb: hurrr
(57:40 / Allies) westonb: sui?
(59:10 / Allies) Gobiner: should kill each other simul
(59:21 / Allies) Gobiner: ugh
(59:22 / Allies) Gobiner: gay
(60:12 / Allies) Gobiner: tp
(60:14 / Allies) Gobiner: nm
(60:15 / Allies) Gobiner: u ded
(60:26 / Allies) westonb: i tried sooner
(60:29 / Allies) westonb: that cooldown is retarded
(60:39 / Allies) Gobiner: he's level 7
(60:46 / Allies) Gobiner: f y i level 7 heroes are powerful
(60:48 / Allies) westonb: ugh and my farms just died QQ
(61:02 / Allies) Gobiner: don't bother rebuilding yet
(62:22 / Allies) Gobiner: oh yeah
(62:27 / Allies) Gobiner: staff isn't gonna send me to the perch
(63:14 / Allies) Gobiner: hahaha
(63:17 / Allies) westonb: it will soon
(63:21 / Allies) Gobiner: they gonna try to pillage my
(63:29 / Allies) Gobiner: fed come kill these peons
(64:23 / Allies) Gobiner: they're coming for you fyi
(64:34 / Allies) westonb: dangerous
(64:57 / Allies) Gobiner: fed
(64:58 / Allies) Gobiner: plz
(64:58 / All) Gobiner: N U B S N U B S N U B S N U B S
(65:58 / Allies) westonb: dont do anything but attack!!!
(66:17 / Allies) westonb: do you suppiose they forgot about perch?
(66:32 / Allies) Gobiner: dunno
(67:00 / Allies) westonb: pillage gives wood only?
(67:04 / Allies) Gobiner: gold and wood
(67:12 / Allies) Gobiner: it doesn't steal
(67:19 / Allies) westonb: oh
(67:29 / Allies) westonb: they just get it "off of what you spent"
(67:35 / Allies) westonb: can we do something else?
(67:40 / Allies) Gobiner: we can alt tab
(67:48 / Allies) westonb: towers will be enough?
(67:54 / Allies) Gobiner: they don't have any more air
(67:55 / Allies) FedEx: undoubtably
(68:04 / Allies) FedEx: they have 3 air units
(68:11 / Allies) FedEx: and the ult of rhasta
(68:20 / Allies) Gobiner: ult won't reach perch
(68:36 / Allies) FedEx: probably not, no
(68:40 / Allies) FedEx: but it is their asset
(68:45 / Allies) FedEx: and we should probably kill those units
(68:56 / Allies) westonb: tried to scout for them
(68:59 / Allies) westonb: did you see them before?
(69:37 / Allies) FedEx: ugh
(70:24 / Allies) Gobiner: wish I had spikes
(70:27 / Allies) FedEx: =[
(71:04 / Allies) Gobiner: drop some critters while you're down there
(71:08 / Allies) westonb: this crap so fast
(71:56 / All) westonb: will you ever kill our towers?
(72:16 / All) Mr.Nail: eh
(73:25 / Allies) westonb: so
(73:29 / Allies) westonb: they probably going to
(73:33 / Allies) westonb: pillage and use ult
(73:37 / Allies) FedEx: yes
(73:58 / Allies) FedEx: perhaps we should kill them first
(75:04 / Allies) Gobiner: he forgot to ulyt
(75:10 / Allies) FedEx: we should have killed these
(76:20 / Allies) Gobiner: they comin prob
(77:02 / All) Mr.Nail: pussy
(77:04 / All) Gobiner: N U B S N U B S N U B S N U B S
(77:40 / All) Gobiner: you may leave now
(78:10 / Allies) westonb: mmm last town hall
(78:15 / Allies) Gobiner: probably anyway
(78:33 / Allies) Gobiner: they don't have any more truesight right?
(78:39 / Allies) westonb: nope
(79:30 / Allies) Gobiner: looks like they're gonna camp the shop
(79:32 / Allies) Gobiner: dunno why
(79:40 / Allies) Gobiner: guess they want boots ??
(80:09 / Allies) Gobiner: yo ded
(82:14 / Allies) Gobiner: lets kill one if they seperate
(83:18 / Allies) westonb: hurr
(83:19 / Allies) westonb: lol
(83:23 / Allies) Gobiner: was wondering where those went to
(83:47 / Allies) westonb: no man aregen when hex
(83:48 / Allies) westonb: qq
(83:50 / Allies) FedEx: no
(84:07 / Allies) westonb: ooh lmost
(84:10 / Allies) Gobiner: well they're screwed now
(84:15 / Allies) Gobiner: we should just tab out for an hour
(85:14 / Allies) westonb: qq
(86:13 / Allies) westonb: they killed our pig at the hero place
(89:07 / All) Mr.Nail: well now what
(89:11 / All) Gobiner: come visit us
(89:18 / All) Gobiner: on da perch
(90:27 / All) Gobiner: come on up
(90:44 / Allies) westonb: imo
(90:48 / Allies) westonb: go kill that town hall with hawks
(90:56 / Allies) Gobiner: they got heroes n shit
(91:08 / Allies) Gobiner: u c?
(92:25 / Allies) westonb: lawl
(92:39 / Allies) westonb: while they defend
(93:36 / Allies) Gobiner: that was gay
(93:45 / Allies) westonb: ?
(94:52 / Allies) westonb: imo just tp up
(95:11 / Allies) westonb: he tp'ed out
(95:11 / Allies) Gobiner: next time we'll bstorm and hawk it
(95:15 / Allies) westonb: nvm
(95:37 / Allies) westonb: they are getting closer with wards
(95:38 / Allies) westonb: hurr
(96:26 / Allies) westonb: could i get some money to revive heros
(96:40 / Allies) Gobiner: do you have an altar?
(96:45 / Allies) westonb: oh no
(96:47 / Allies) westonb: goddamnit
(97:51 / Allies) Gobiner: yeah
(98:04 / Allies) Gobiner: w/e
(98:27 / Allies) Gobiner: weston apparently
(98:29 / Allies) westonb: not i
(98:38 / Allies) Gobiner: I cliked on the hall like 5 times but instead
(98:44 / Allies) westonb: nope
(98:47 / Allies) westonb: that was fed taking over
(98:55 / Allies) westonb: the only microing i've done
(98:57 / Allies) westonb: is to ww
(99:12 / All) Mr.Panda: i wonder how you got back down red
(99:17 / All) Gobiner: magic
(99:32 / All) Gobiner: its easy you just get a garg or a dott and you land them
(99:40 / Allies) westonb: hahaha
(99:47 / Allies) westonb: wow hax
(99:50 / Allies) Gobiner: did they kill a pig
(99:51 / Allies) Gobiner: how gay
(99:54 / Allies) westonb: yeah
(100:03 / Allies) Gobiner: stop moving the pigs
(100:09 / Allies) Gobiner: I had them in great hiding spots
(100:16 / Allies) westonb: i moved that one to get the heros
(100:21 / Allies) westonb: the one i have now
(100:37 / Allies) westonb: that one
(100:43 / Allies) westonb: north of the res
(100:47 / Allies) westonb: you might want to move him
(100:48 / Allies) westonb: slightly
(100:54 / Allies) Gobiner: why
(100:55 / Allies) westonb: i'm not sure how you had him so well positioned before
(101:05 / Allies) westonb: i moved him to get heros that's all
(101:12 / Allies) Gobiner: build altars its cheaper
(101:32 / Allies) westonb: they killed
(101:35 / Allies) westonb: the one just south of perch
(102:21 / Allies) westonb: that one on far left is a pro spot
(102:25 / Allies) Gobiner: yeah
(102:32 / Allies) Gobiner: you can pop them into trees if you're pro
(102:38 / Allies) westonb: oic
(103:11 / Allies) westonb: well imo check on that town hall
(103:17 / Allies) Gobiner: stop
(103:18 / Allies) Gobiner: you
(103:18 / Allies) Gobiner: faggot
(103:25 / Allies) Gobiner: I was building a shop for more pigs
(103:28 / Allies) westonb: i am touching nothing
(103:38 / Allies) westonb: except that vault
(104:04 / Allies) FedEx: sweet.
(104:05 / Allies) westonb: nice
(104:07 / Allies) westonb: very very nice
(104:37 / Allies) Gobiner: pig down
(104:49 / Allies) westonb: imo dont ping
(104:51 / Allies) FedEx: still one there
(104:53 / Allies) westonb: in case they maphack
(105:17 / Allies) westonb: yeah
(105:17 / Allies) FedEx: hmm
(105:18 / Allies) westonb: right after
(105:21 / Allies) westonb: they must hack
(105:23 / Allies) FedEx: funny that they found it
(105:24 / Allies) westonb: so dont ping
(105:26 / Allies) FedEx: FUNNY
(105:30 / Allies) FedEx: I see
(105:43 / All) FedEx: shadowfrenchgg.exe4
(106:02 / All) Gobiner: p.s. you can't get up here
(106:07 / All) Gobiner: there's no altitude hacks
(106:55 / Allies) Gobiner: here's a pro spot
(107:10 / Allies) Gobiner: NOOB
(107:11 / Allies) Gobiner: SPOT
(107:16 / Allies) Gobiner: you have poor pigmanship
(107:39 / Allies) FedEx: dey see me piggin
(107:41 / Allies) FedEx: dey be hatin
(108:04 / Allies) Gobiner: owned
(108:09 / Allies) FedEx: gg
(108:30 / Allies) Gobiner: he's fine
(108:36 / Allies) Gobiner: hahahahaha
(109:41 / Allies) Gobiner: they got a wyv
(109:47 / All) Mr.Panda: mmm bacon
(109:52 / All) westonb: mm hax
(109:57 / Allies) Gobiner: so orange either had a special beast
(109:57 / Allies) Gobiner: or
(110:01 / Allies) Gobiner: has
(110:03 / Allies) Gobiner: I mean
(110:07 / All) Mr.Panda: haha i am going to laugh @ you guys in three days
(110:09 / Allies) Gobiner: or he's had a wyvern sitting idle for a long time
(110:14 / All) Mr.Panda: while i'll still be living high
(110:24 / All) Gobiner: haha I'm going to laugh @ you guys right now
(110:27 / All) Gobiner: for losing to towers
(110:45 / All) mR.TraNSceNdeNz: ha imma laugh at u guys for having no lives and using this strat everytime
(110:59 / Allies) westonb: ?
(110:59 / All) Gobiner: thanks for the free win guys
(111:03 / All) Gobiner: its really appreciated
(111:03 / Allies) westonb: think he's played before?
(111:07 / All) mR.TraNSceNdeNz: come get it
(111:09 / All) mR.TraNSceNdeNz: bitch
(111:11 / All) Gobiner: come get what?
(111:13 / All) Gobiner: my free win?
(111:19 / All) Gobiner: nah I got some chores and shit
(111:26 / All) Gobiner: I'll get it later
(111:35 / All) westonb: quick rush with your wyv while we alt tab
(111:37 / Allies) Gobiner: seriously we should go afk for like 3 hours now
(112:43 / Allies) Gobiner: hahahahaha
(112:44 / All) westonb: goodbye little wyvern
(113:02 / All) Mr.Panda: fuck your pigs
(113:06 / Allies) westonb: welp
(113:15 / Allies) Gobiner: fedex you are bad at placing pigs
(113:27 / Allies) FedEx: =[
(113:35 / Allies) Gobiner: frosty found a bunch of pro places
(113:43 / Allies) Gobiner: let me place the next pig
(113:48 / Allies) FedEx: sure
(113:49 / Allies) FedEx: whatever
(113:54 / Allies) Gobiner: hahahaha
(114:00 / All) westonb: WOW
(114:04 / All) westonb: how'd you find that pig so fast
(114:19 / All) Gobiner: its funny how you can't win even with maphacking
(114:28 / All) mR.TraNSceNdeNz: its funny how u have to use 3 hacks
(114:30 / All) mR.TraNSceNdeNz: to win
(114:33 / All) westonb: 3?
(114:34 / All) Gobiner: perch hax
(114:36 / All) westonb: what hacks?
(114:39 / All) westonb: please
(114:39 / All) westonb: share
(114:42 / All) FedEx: yes
(114:43 / All) Mr.Panda: black hax
(114:45 / All) mR.TraNSceNdeNz: wait 3 days nigger
(114:45 / All) FedEx: which hacks
(114:58 / All) Gobiner: is it like the ring
(114:59 / All) westonb: what is this 3 days business
(115:00 / All) Gobiner: you play nubs
(115:03 / All) Gobiner: then 3 days later
(115:04 / All) Gobiner: you die
(115:10 / All) Mr.Panda: lol
(115:12 / All) Mr.Panda: come back in 3 days
(115:15 / All) Mr.Panda: to see that im sitll on
(115:20 / All) FedEx: you
(115:23 / All) FedEx: are
(115:25 / All) FedEx: going
(115:26 / All) FedEx: to lose
(115:27 / All) Gobiner: in 3 days you'll still be a nub
(115:29 / All) westonb: but are you losing slowly
(115:38 / All) FedEx: awww
(115:42 / All) FedEx: poor teleport
(117:18 / Allies) Gobiner: you
(117:24 / Allies) Gobiner: nope
(117:31 / Allies) westonb: you have it shared right
(117:36 / Allies) westonb: you should see the circle
(117:39 / Allies) westonb: oh
(117:40 / Allies) Gobiner: I selected him
(117:44 / Allies) Gobiner: but didn't act
(117:48 / Allies) westonb: not i
(118:16 / Allies) Gobiner: find da main
(118:23 / Allies) westonb: agreed
(118:31 / Allies) Gobiner: its where blue teleported to
(118:55 / Allies) Gobiner: left side of the map I believe
(119:33 / Allies) Gobiner: it might be in oranges old base
(119:39 / Allies) westonb: could be
(121:29 / Allies) Gobiner: nope
(123:00 / All) westonb: WOW orange
(123:07 / All) westonb: how did you know where he would strike
(123:13 / All) Mr.Panda: i sense niggas
(123:20 / All) Mr.Panda: i am a nigga killer
(123:51 / Allies) Gobiner: did we check this area yet?
(124:20 / All) Gobiner: hilarious you guys should be more blatant
(124:36 / All) Mr.Panda: you should turn and run like hell
(124:39 / All) mR.TraNSceNdeNz: hilarious u guys should be less faggish
(124:51 / All) FedEx: We're not breaking any rules
(124:56 / All) Mr.Panda: Neither are we ?
(125:01 / All) FedEx: you're blatantly hacking
(125:06 / All) Mr.Panda: really now
(125:09 / All) mR.TraNSceNdeNz: no
(125:11 / All) Mr.Panda: you wish i was banned dont you ?
(125:13 / All) mR.TraNSceNdeNz: ur ignant
(125:15 / All) FedEx: it is so painfully obvious
(125:27 / All) Mr.Panda: painfully obvious to me, that you are ignorant along with your race
(125:32 / All) westonb: so what's the process for getting a cd key banned, anyways?
(125:40 / All) Mr.Panda: i have no clue, ask your mama
(125:47 / Allies) Gobiner: we could send the replay to blizzard but they won't do anything
(126:02 / All) Gobiner: hilarious that even with maphax you could defeat mass towers
(126:12 / Allies) westonb: so how did your account get banned then
(126:16 / All) mR.TraNSceNdeNz: here we go again say something orginal
(126:22 / Allies) Gobiner: war3 has autodetection
(126:25 / Allies) Gobiner: of known hacking
(126:29 / All) Gobiner: N U B S N U B S N U B S N U B S
(126:38 / All) Mr.Panda: you soul sucker
(126:42 / All) Mr.Panda: i won't become like you
(126:45 / Allies) westonb: so, the one you did, was already known?
(127:12 / Allies) westonb: welp
(127:17 / Allies) westonb: they got the last one
(127:23 / All) westonb: sent out blue, do your work orange?
(127:31 / All) Gobiner: N U B S N U B S N U B S N U B S
(127:42 / All) Mr.Panda: i hope you CHOKE!
(127:46 / All) Gobiner: lol
(127:48 / All) mR.TraNSceNdeNz: 2ez must be the name of the ignant fags eh
(127:50 / All) Gobiner: you guys must like losing
(127:57 / All) Gobiner: because you sure are good at it
(127:59 / All) Mr.Panda: nah, we just fail to lose to you
(128:37 / Allies) westonb: i did that sorry
(128:46 / Allies) westonb: but seriously
(128:50 / Allies) westonb: why are they not revealed
(129:03 / Allies) westonb: i have slowly checked almost all the map with reveals
(129:44 / Allies) westonb: gj
(130:03 / All) westonb: OH SHIT
(130:09 / All) westonb: the seagull escapes
(131:39 / Allies) westonb: imo pop and invuln
(131:42 / Allies) westonb: and finish it
(131:53 / Allies) Gobiner: nigga needs mana
(132:21 / Allies) Gobiner: buy invis pot and use it
(132:27 / Allies) Gobiner: then chill at their base
(132:41 / Allies) westonb: hahaha
(132:49 / All) Mr.Panda: dang 120 seconds is a lot dont you think
(132:58 / All) FedEx: well I have a lot of gold
(133:05 / All) FedEx: do you??
(133:10 / All) Mr.Panda: fo sho
(133:41 / Allies) Gobiner: just go
(133:52 / Allies) westonb: invuln
(134:03 / Allies) westonb: suppose to pop it first
(134:18 / Allies) FedEx: usually can just ww before they hex
(134:19 / Allies) westonb: fyi i had control and was mashing to get the invuln
(135:02 / All) Mr.Panda: how much does it cost to revive your hero? 600 ?
(135:16 / Allies) westonb: we cant get back down
(135:21 / Allies) westonb: we have to sacrfifice hawks
(135:28 / Allies) Gobiner: no we don't
(135:44 / Allies) Gobiner: highperch is a waiting game
(135:55 / Allies) Gobiner: plus I gotta go pick up kerrie
(135:57 / Allies) westonb: well we could go back down the same way
(136:33 / Allies) westonb: but if we went back down, they would see how we did it
(136:53 / Allies) Gobiner: welp
(137:37 / Allies) Gobiner: everyone take 10
(137:41 / Allies) Gobiner: we'll use tink to get down
(137:44 / Allies) FedEx: tabbing back to civ
(137:47 / Allies) Gobiner: and keep using bstorm
(138:01 / Allies) FedEx: fill up your heros with pigs
(138:15 / All) westonb: you know
(138:28 / All) westonb: wasn't war3 suppose to reveal when you have no more town halls?
(138:29 / All) Mr.Panda: you can't help me, i am so frightened
(139:04 / All) mR.TraNSceNdeNz: who says we dont have town hall?
(139:08 / Allies) westonb: k i read 412 i'll be back at 420 word
(139:17 / All) westonb: i've scouted teh whole map with our towers
(139:31 / All) Mr.Panda: your towers have reveal ?
(139:41 / All) westonb: learn human
(139:49 / All) Gobiner: N U B S N U B S N U B S N U B S
(139:49 / All) westonb: last time i checked orc can't move their town halls
(139:57 / Allies) westonb: anyways i'm getting some food
(140:06 / All) Mr.Panda: they can't
(140:07 / Allies) Gobiner: same
(140:11 / All) Mr.Panda: it's true they can't
(140:46 / All) Mr.Panda: i should have left you niggers left hanging on my trees
(141:35 / All) Mr.Panda: where is your bm usually harassing us ?
(141:43 / All) Mr.Panda: unless you can't get down anymore
(143:17 / All) Mr.Panda: how does it feel
(143:25 / All) Mr.Panda: withering away at a touch of time ?
(146:18 / Allies) FedEx: just factory down to here
(146:35 / Allies) FedEx: and use pockets to allow bm to come down
(146:55 / Allies) FedEx: also when we can we should tele all of our heros and load them with pigs
(147:10 / Allies) westonb: hope they dont see them all when we drop them
(147:28 / Allies) westonb: although they will see when we tele
(148:07 / Allies) westonb: im going back to fixing my food
(161:18 / Allies) westonb: i dont have any gold
(161:22 / Allies) westonb: so i cant buy critters
(161:36 / Allies) Gobiner: we don't need critters
(162:01 / Allies) westonb: dont you want tinker to go down?
(162:05 / Allies) Gobiner: yes
(162:10 / Allies) Gobiner: I'm gonna put a hero at each level
(162:15 / Allies) westonb: oic
(162:17 / Allies) Gobiner: to chain staff in the case of a problem
(162:39 / Allies) westonb: should i be involved?
(162:43 / Allies) westonb: ok
(162:47 / All) Gobiner: how much time are you guys going to spend on a loss
(162:59 / All) Gobiner: because if the answer is >24hrs we're just going to go afk for that long and get a new record
(163:15 / All) Mr.Panda: yes we are gonna stay until we burn into the ground
(163:25 / All) Gobiner: okay sweet
(165:47 / All) Mr.Nail: F y o couch
(166:55 / Allies) Gobiner: fed you here?
(167:27 / All) Mr.Panda: just live and BREATH@!
(168:17 / All) FedEx: welp
(168:30 / Allies) Gobiner: just get the building
(169:09 / All) Mr.Panda: lol